 Dungeon Crawl Stone Soup version 0.17-a0-1596-g1e86911 (webtiles) character file.

81 orochimarko the Chucker (level 4, 0/25 HPs)
             Began as a Kobold Arcane Marksman on July 29, 2015.
             Was a Believer of Zin.
             Succumbed to an adder's poison
             ... on level 3 of the Dungeon on July 30, 2015.
             The game lasted 00:31:50 (2071 turns).

orochimarko the Chucker (Kobold Arcane Marksman)    Turns: 2071, Time: 00:31:50

Health: 0/25       AC:  3    Str:  9    XL:     4   Next: 67%
Magic:  4/6        EV: 15    Int: 11    God:    Zin [**....]
Gold:   98         SH:  0    Dex: 16    Spells: 1 memorised, 4 levels left

rFire  . . .     SeeInvis .     h - +0 dagger
rCold  . . .     Clarity  .     c - +0 robe
rNeg   . . .     SustAt   .     (shield restricted)
rPois  +         Gourm    .     (no helmet)
rElec  .         Spirit   .     n - +0 cloak {rPois}
rCorr  .         Warding  .     (no gloves)
rMut   .         Stasis   .     (no boots)
MR     .....                    (no amulet)
Stlth  ++........               (no ring)
                                (no ring)

@: lethally poisoned (0 -> -5), not resistant to hostile enchantments,
unstealthy
A: carnivore 3
a: Recite, Vitalisation, Renounce Religion


You were on level 3 of the Dungeon.
You worshipped Zin.
Zin was pleased with you.
You were not hungry.

You visited 1 branch of the dungeon, and saw 3 of its levels.

You collected 108 gold pieces.
You donated 10 gold pieces to Zin.

Inventory:

Hand weapons
 g - a +0 hunting sling
 h - a +0 dagger (weapon)
 o - a +0 hunting sling
Missiles
 i - 17 sling bullets
 j - 58 stones (quivered)
 k - 32 arrows
 t - 8 needles of paralysis
 w - 11 arrows of flame
Armour
 c - a +0 robe (worn)
 n - a +0 cloak of poison resistance (worn)
Scrolls
 f - a scroll of identify
 m - a scroll of magic mapping {unknown}
 q - a scroll of random uselessness {unknown}
 s - a scroll of enchant weapon {unknown}
 u - 2 scrolls of remove curse {unknown}
 x - 3 scrolls of amnesia {unknown}
 y - a scroll of noise {unknown}
Potions
 l - a potion of lignification {unknown}
 r - a potion of invisibility
Books
 d - a book of Debilitation

   Spells                             Type                      Level
   a - Corona                         Hexes                        1
   b - Slow                           Hexes                        2
   c - Gell's Gravitas                Hexes/Translocation          3
   d - Inner Flame                    Hexes/Fire                   3
   e - Cause Fear                     Hexes                        4
   f - Leda's Liquefaction            Hexes/Earth                  4
Comestibles
 e - a meat ration
 p - a chunk of flesh
 v - a bread ration


   Skills:
 + Level 1.3 Fighting
 + Level 4.2 Throwing
 + Level 2.9 Dodging
 + Level 0.4 Stealth
 + Level 1.4 Spellcasting
 + Level 3.7 Hexes


You had 4 spell levels left.
You knew the following spells:

 Your Spells              Type           Power        Failure   Level  Hunger
a - Corona                Hex            #......      10%         1    ##.....


Dungeon Overview and Level Annotations

Branches:
Dungeon (3/15)

Altars:
Cheibriados
Fedhas
Gozag
Zin

Annotations:
D:2 exclusion: oklob plant


Innate Abilities, Weirdness & Mutations

You are small and have problems with some larger weapons.
You are carnivorous and can eat meat at any time.


Message History

Casting: Corona
Confirm with . or Enter, or press ? or * to list all spells.
Aiming: Corona
Press: ? - help, Shift-Dir - straight line, f/p - adder
Aim: an adder (heavily wounded, chance to defeat MR: 51%)
The adder is outlined in light.
The adder bites you.
* * * LOW HITPOINT WARNING * * *
You are lethally poisoned!
The adder poisons you!
You barely miss the adder.
The adder is heavily wounded.
* * * LOW HITPOINT WARNING * * *
You feel sick. The adder bites you.
* * * LOW HITPOINT WARNING * * *
You hit the adder.
The adder is almost dead.
The adder barely misses you. The adder closely misses you.
You hit the adder.
You kill the adder!
You die...

.### ..... ##...
#. ..>.(? #.
#.((..### .##
#....(.## ..#
#...####.#
#.#(..##.## .#
#.###..@>.# ...#.#
####..## ##.#..
##..# ......###
#..###
#......####....#
#......†.[##...#
###...)..........#
#....####......#
#.##### ##..###


There were no monsters in sight!

Vanquished Creatures
  3 adders
  A giant gecko (D:3)
  4 giant cockroaches
  8 goblins
  11 hobgoblins
  A quokka (D:2)
  8 bats
  3 giant newts
  4 kobolds
  9 rats
52 creatures vanquished.

Vanquished Creatures (others)
  10 toadstools (D:2)
10 creatures vanquished.

Grand Total: 62 creatures vanquished

Notes
Turn   | Place    | Note
--------------------------------------------------------------
     0 | D:1      | orochimarko the Kobold Arcane Marksman began the quest for the Orb.
     0 | D:1      | Reached XP level 1. HP: 12/12 MP: 2/2
   179 | D:1      | Reached XP level 2. HP: 14/16 MP: 1/3
   549 | D:1      | Reached XP level 3. HP: 2/20 MP: 4/4
  1093 | D:2      | Found an opulent altar of Gozag.
  1213 | D:2      | Found a blossoming altar of Fedhas.
  1214 | D:2      | Upgraded the game from 0.17-a0-1591-g7a45446 to 0.17-a0-1596-g1e86911
  1228 | D:2      | Noticed an oklob plant
  1518 | D:2      | Found a faded altar to an unknown god.
  1613 | D:2      | Became a worshipper of Zin the Law-Giver
  1613 | D:2      | Acquired Zin's first power
  1673 | D:2      | Reached XP level 4. HP: 23/25 MP: 5/5
  1759 | D:2      | Acquired Zin's second power
  1952 | D:3      | Found a snail-covered altar of Cheibriados.
  1979 | D:3      | Reached skill level 4 in Throwing
  2069 | D:3      | HP: 1/25 [adder (4)]
  2071 | D:3      | Succumbed to an adder's poison

Vault maps used:
D:1:      eino_arrival_tree_alley, columned_hall_lemuel
D:2:      nicolae_overflow_hidden_temple, tgw_fedhas, ecumenical_altar_1,
          first_bread, nicolae_gozag_seed_capital
D:3:      nicolae_overflow_crystal_walls, amalloy_card_club

Action                   |  1- 3 |  4- 6 || total
-------------------------+-------+-------++-------
Melee: Dagger            |    62 |    16 ||    78
Throw: Tomahawk          |    76 |    24 ||   100
       Throwing net      |       |     2 ||     2
 Cast: Corona            |    22 |    10 ||    32
  Use: Scroll            |     1 |     1 ||     2
  Eat: Chunk             |     7 |     1 ||     8
